 Dungeon Crawl Stone Soup version 0.28.0 (webtiles) character file.

Game seed: 17962161017123244302

49 theElss the Skirmisher (level 3, -1/24 HPs)
             Began as a Gargoyle Berserker on Feb 17, 2022.
             Was a Follower of Trog.
             Splashed by a jelly's acid (4 damage)
             ... on level 2 of the Dungeon.
             The game lasted 00:03:11 (1866 turns).

theElss the Skirmisher (Gargoyle Berserker)         Turns: 1866, Time: 00:03:12

Health: -1/24      AC:  2    Str: 20    XL:     3   Next: 75%
Magic:  3/3        EV:  8    Int:  7    God:    Trog [*.....]
Gold:   78         SH:  0    Dex: 11    Spells: 2/2 levels left

rFire   . . .      SeeInvis .   a - +0 mace
rCold   . . .      Faith    .   (no shield)
rNeg    + + .      Spirit   .   h - +1 chain mail of Thoughtfulness {rN+}
rPois   ∞          Reflect  .   (no helmet)
rElec   +          Harm     .   (no cloak)
rCorr   .          Rampage  .   (no gloves)
Will    ++...                   e - +0 pair of boots
Stlth   ..........              (no amulet)
HPRegen 1.08/turn               (no ring)
MPRegen 0.08/turn               (no ring)

@: strong-willed, corroded, regenerating
A: sickness immunity, AC +3, negative energy resistance 1, electricity
resistance, torment resistance 1, petrification resistance
a: Renounce Religion, Berserk


You were on level 2 of the Dungeon.
You worshipped Trog.
Trog was aware of your devotion.
You visited 1 branch of the dungeon, and saw 2 of its levels.

You collected 78 gold pieces.

Inventory:

Hand Weapons
 a - a +0 mace (weapon)
Armour
 e - a +0 pair of boots (worn)
 h - the +1 chain mail of Thoughtfulness (worn) {rN+}
   (You found it on level 2 of the Dungeon)

   rN:        It protects you from negative energy.
Jewellery
 d - a ring of flight
 f - a ring of protection from cold
Scrolls
 c - 3 scrolls of identify {unknown}
 g - a scroll of blinking {unknown}
 k - a scroll of acquirement {unknown}
Potions
 b - a potion of flight {unknown}
 i - a potion of brilliance {unknown}
 j - a potion of lignification {unknown}


   Skills:
 + Level 3.8 Fighting
 + Level 3.4 Maces & Flails
 + Level 2.9 Armour
 + Level 2.0 Dodging


You had 2 spell levels left.
You didn't know any spells.
Your spell library was empty.

Dungeon Overview and Level Annotations

Branches:
Dungeon (2/15)

Altars:


Innate Abilities, Weirdness & Mutations

You are immune to sickness and miasma.
Your stone body is resilient. (AC +3)
You are immune to poison.
You resist negative energy. (rN+)
You are resistant to electric shocks. (rElec)
You are resistant to unholy torment.
You are immune to petrification.


Message History

You open the door. 2 endoplasms come into view.
The endoplasm quivers. x2
Found a hobgoblin skeleton and a goblin skeleton. 2 jellies and 8 endoplasms come into view.
Found a goblin skeleton and 10 gold pieces.
The endoplasm quivers. x5; The jelly quivers.
The endoplasm quivers.
The jelly quivers.
The endoplasm quivers.
The endoplasm hits the fungus.
The fungus begins to die.
The endoplasm hits you but does no damage.
The jelly hits the fungus.
The fungus begins to die.
The fungus is splashed with acid.
The acid corrodes the fungus!
There is an open door here.
You sock the endoplasm!
You kill the endoplasm!
Trog accepts your kill.
You can now call upon Trog for regeneration and willpower.
Something completely misses the fungus.
You hit the jelly. The acid corrodes you!
Your hands burn!
The jelly is lightly wounded.
Something completely misses the fungus.
The jelly hits you. The acid corrodes you!
You are splashed with acid!
Something hits the fungus.
The fungus begins to die.
The endoplasm hits the fungus.
You hit the jelly but do no damage.
Your hands burn!
* * * LOW HITPOINT WARNING * * *
The jelly is lightly wounded.
A nearby fungus withers and dies.
The jelly hits you but does no damage.
Something hits the fungus.
The endoplasm hits the fungus.
You hit the jelly but do no damage. The acid corrodes you!
Your hands burn!
* * * LOW HITPOINT WARNING * * *
The jelly is lightly wounded.
The endoplasm hits the fungus.
The jelly hits you but does no damage.
Something hits the fungus.
The endoplasm hits the fungus.
Your skin crawls.
You feel strong-willed.
You can no longer call upon Trog for regeneration and willpower.
The endoplasm hits the fungus.
Something hits the fungus.
The jelly hits you.
* * * LOW HITPOINT WARNING * * *
You are splashed with acid.
You die...

### #######.##.....$#
#####....#.#.#.P.JJ.#
#####.##.....#.#.#J..J.÷#
....<.'......#'#.#P..PPP#
......'.)......#)#..J...#
#####.'........#.#JP..JP#
#.##....^..#@#JJ....#
#####......##JPJ..P.#
##########J÷...÷# #####
####### #...### ### #####
###...###.# ## ....#
#........# ##.. ###.#
##...###.# ##... #<#
#..## #.# ##.#.#


You could see a jelly and 2 endoplasms.

Vanquished Creatures
  An adder (D:2)
  2 dart slugs (D:1)
  3 endoplasms
  4 hobgoblins
  2 quokkas (D:1)
  4 ball pythons (D:1)
  A bat (D:1)
  3 frilled lizards
  A goblin (D:1)
  10 kobolds
  6 rats
37 creatures vanquished.

Vanquished Creatures (others)
  3 fungi (D:2)
  7 toadstools (D:2)
10 creatures vanquished.

Grand Total: 47 creatures vanquished

Notes
Turn   | Place    | Note
-------+----------+-------------------------------------------
     0 | D:1      | theElss the Gargoyle Berserker began the quest for the Orb.
     0 | D:1      | Reached XP level 1. HP: 14/14 MP: 1/1
   134 | D:1      | Found a faded altar of an unknown god.
   462 | D:1      | Reached XP level 2. HP: 19/19 MP: 2/2
  1308 | D:1      | Reached XP level 3. HP: 23/23 MP: 3/3
  1535 | D:2      | Identified the +1 chain mail of Thoughtfulness {rN+}
  1862 | D:2      | Reached ** piety under Trog
  1866 | D:2      | Splashed by a jelly's acid

Illustrated notes

Levels and vault maps discovered:
D:1:      psy_arrival_heroes, layout_loops_corners,
          hellmonk_ecumenical_altar_blasted
D:2:      cheibrodos_fertilizer, layout_loops_ring, uniq_jessica

Skill      XL: |  1  2  3 |
---------------+----------+-----
Dodging        | 2 |  2.0
Fighting       | |  3.8
Maces & Flails | |  3.4
Armour         | |  2.9

Action                   || total
-------------------------++-------
Melee: Mace              ||   105
Invok: Berserk           ||     1
       Trog's Hand       ||     1
 Stab: Sleeping          ||     1
Armor: Animal skin       ||     5
       Ring mail         ||    16
       Chain mail        ||    25
Dodge: Dodged            ||    53
